 Dungeon Crawl Stone Soup version 0.27-a0-660-g90476cec82 (webtiles) character file.

Game seed: 9494181224706419836

779 spiderkeys the Poker (level 7, -1/61 HPs)
             Began as a Minotaur Berserker on Mar 17, 2021.
             Was a Priest of Trog.
             Slain by a small abomination (8 damage)
             ... on level 1 of the Abyss.
             The game lasted 00:07:17 (4780 turns).

spiderkeys the Poker (Minotaur Berserker)           Turns: 4780, Time: 00:07:18

Health: -1/61      AC: 11    Str: 24    XL:     7   Next: 54%
Magic:  6/6        EV: 11    Int:  4    God:    Trog [***...]
Gold:   219        SH:  0    Dex:  9    Spells: 7/7 levels left

rFire    . . .     SeeInvis .   a - +2 halberd (protect)
rCold    + . .     Faith    .   (shield currently unavailable)
rNeg     . . .     Spirit   .   m - +4 scale mail {rC+}
rPois    .         Reflect  .   (helmet restricted)
rElec    .         Harm     .   (no cloak)
rCorr    .         Rampage  .   (no gloves)
Will     .....                  (no boots)
Stlth    ..........             (no amulet)
HPRegen  0.20/turn              (no ring)
MPRegen  0.10/turn              (no ring)

@: about to teleport, berserk cooldown, slowed, very slow
A: horns 2, retaliatory headbutt
a: Renounce Religion, Berserk, Trog's Hand


You were on level 1 of the Abyss.
You worshipped Trog.
Trog was most pleased with you.
You visited 1 branch of the dungeon, and saw 4 of its levels.
You visited the Abyss 1 time.

You collected 219 gold pieces.

Inventory:

Hand Weapons
 a - a +2 halberd of protection (weapon)
 b - the +6 hunting sling of the Distant Future {flame, MP+9}
   (You found it on level 4 of the Dungeon)

   It causes projectiles fired from it to burn those they strike, causing extra
   injury to most foes and up to half again as much damage against particularly
   susceptible opponents.
   It affects your magic capacity (+9).
Missiles
 n - 4 silver javelins
 o - 24 poisoned darts
 y - 35 sling bullets
Armour
 f - a +0 buckler
 m - a +4 scale mail of cold resistance (worn)
 s - the +0 leather armour "Oxifi" {Harm rElec rCorr Dex+5}
   (You found it on level 4 of the Dungeon)

   It affects your dexterity (+5).
   It insulates you from electricity.
   It provides partial protection from all sources of acid and corrosion.
   It increases damage dealt and taken.
Jewellery
 h - a ring of fire
 v - a ring of protection from cold
Wands
 w - a wand of iceblast (6)
Scrolls
 c - 2 scrolls of teleportation
 e - 2 scrolls of magic mapping {unknown}
 g - 2 scrolls of amnesia {unknown}
 i - 5 scrolls of enchant weapon {unknown}
 l - 7 scrolls of identify {unknown}
 q - a scroll of immolation {unknown}
 u - a scroll of blinking {unknown}
Potions
 d - 2 potions of haste {unknown}
 j - a potion of mutation {unknown}
 k - a potion of flight {unknown}
 p - a potion of brilliance {unknown}
 r - a potion of magic {unknown}
 t - a potion of resistance {unknown}
 x - 2 potions of berserk rage {unknown}


   Skills:
 + Level 5.4 Fighting
 * Level 6.9 Polearms
 + Level 0.4 Slings
 + Level 4.6 Armour
 + Level 4.2 Dodging
 + Level 3.5 Shields
 - Level 0.5 Spellcasting


You had 7 spell levels left.
You didn't know any spells.
Your spell library contained the following spells:

 Spells                   Type           Power      Damage    Failure   Level
 Corona                   Hex            0%         N/A       78%         1
 Ensorcelled Hibernation  Hex/Ice        0%         N/A       89%         2
 Confusing Touch          Hex            0%         N/A       98%         3
 Dazzling Flash           Conj/Hex       0%         N/A       98%         3
 Tukima's Dance           Hex            0%         N/A       98%         3


Dungeon Overview and Level Annotations

Branches:
Dungeon (4/15)             Temple (0/1) D:4

Altars:
Uskayaw
Vehumet
Yredelemnul
The Shining One

Portals:
Abyss: D:4

Annotations:
D:4 , 1 transporter, OTABOTABOTAB's ghost, amateur OpTm


Innate Abilities, Weirdness & Mutations

You have a pair of horns on your head.
You reflexively headbutt those who attack you in melee.


Message History

The small abomination hits you!
You hit the small abomination.
Your weapon exudes an aura of protection.
The small abomination is heavily damaged.
The small abomination hits you but does no damage.
You closely miss the small abomination.
The small abomination is heavily damaged.
The small abomination hits you!
* * * LOW HITPOINT WARNING * * *
You closely miss the small abomination. You headbutt the small abomination!
The small abomination is severely damaged.
The small abomination barely misses you.
You furiously retaliate!
You headbutt the small abomination. The small abomination hits you.
* * * LOW HITPOINT WARNING * * *
You puncture the small abomination!
You feel the power of Trog in you as your rage grows.
You destroy the small abomination!
Trog accepts your kill.
You start resting.
You feel a strong urge to attack something.
You start resting.
You feel your anger nearly subside.
You start resting.
You are no longer berserk.
You are exhausted.
You feel yourself slow down.
You start resting.
A small abomination comes into view.
The small abomination moves out of view.
You start resting.
A small abomination is nearby!
Found a glowing emerald ring.
As you read the scroll of teleportation, it crumbles to dust.
You feel strangely unstable.
You feel the power of the Abyss delaying your translocation!
The small abomination hits you.
* * * LOW HITPOINT WARNING * * *
The small abomination hits you!
You die...

#. ..#..#....#.......
. . .###.#.#..
........ .. #
....#...#........ ..
##.............
.#...###..............
. . # #..#..###......
. ###....##...... . .
........x....... #.
.......##@#......
.#..##..#..# ..=..
#.....(..#( ....
......... .. ...
........ ... ..
##...... #... . .
#...... .... .......
..... #.


You could see a small abomination.

Vanquished Creatures
  The ghost of scarywalker64 the Gusty, an amateur DgAE (D:4)
  Purgy (D:3)
  An ogre (D:4)
  A small abomination (Abyss:1)
  A scorpion (D:4)
  A howler monkey (D:4)
  A bullfrog zombie (D:4)
  Terence (D:2)
  A worker ant (D:4)
  9 adders
  7 gnolls
  An ooze (D:1)
  A worm (D:3)
  A dart slug (D:2)
  3 leopard geckos
  3 orcs (D:3)
  7 bats
  6 giant cockroaches
  2 goblins
  12 hobgoblins
  3 jackals (D:1)
  4 kobolds (D:1)
  A quokka (D:2)
  2 ball pythons
  10 frilled lizards
  A giant cockroach zombie (D:4)
  6 rats
88 creatures vanquished.

Notes
Turn   | Place    | Note
-------+----------+-------------------------------------------
     0 | D:1      | spiderkeys the Minotaur Berserker began the quest for the
                  | Orb.
     0 | D:1      | Reached XP level 1. HP: 19/19 MP: 0/0
   376 | D:1      | Reached XP level 2. HP: 27/27 MP: 1/1
   381 | D:1      | Reached skill level 4 in Polearms
   982 | D:1      | Reached XP level 3. HP: 33/33 MP: 2/2
  1712 | D:2      | Found a hide-covered altar of Uskayaw.
  1712 | D:2      | Found a radiant altar of Vehumet.
  1843 | D:2      | Reached ** piety under Trog
  1901 | D:2      | Reached XP level 4. HP: 40/40 MP: 3/3
  1944 | D:2      | Found a glowing golden altar of the Shining One.
  2154 | D:2      | Noticed Terence
  2165 | D:2      | Killed Terence
  2166 | D:2      | Reached skill level 1 in Shields
  2589 | D:2      | Reached skill level 5 in Polearms
  2589 | D:2      | Reached XP level 5. HP: 47/47 MP: 4/4
  3114 | D:3      | Noticed Purgy
  3127 | D:3      | Killed Purgy
  3128 | D:3      | Reached XP level 6. HP: 53/53 MP: 5/5
  3618 | D:4      | Identified the +0 leather armour "Oxifi" {Harm rElec rCorr
                  | Dex+5}
  3864 | D:4      | Reached skill level 6 in Polearms
  3911 | D:4      | Found a staircase to the Ecumenical Temple.
  3938 | D:4      | Identified the +9 dagger of Azug {vorpal, rC+ Str+2}
  3939 | D:4      | Found a runed translucent gate.
  3939 | D:4      | Found a runed translucent gate.
  3939 | D:4      | Found a runed translucent gate.
  3939 | D:4      | Noticed scarywalker64's ghost (amateur DgAE)
  3941 | D:4      | Found a basalt altar of Yredelemnul.
  3947 | D:4      | Reached skill level 5 in Fighting
  3998 | D:4      | Reached XP level 7. HP: 48/61 MP: 6/6
  4007 | D:4      | Identified the +6 hunting sling of the Distant Future
                  | {flame, MP+9}
  4298 | D:4      | Found a transporter.
  4338 | D:4      | Found a transporter.
  4340 | D:4      | Found a one-way gate to the infinite horrors of the Abyss.
  4340 | D:4      | Noticed OTABOTABOTAB's ghost (amateur OpTm)
  4380 | D:4      | Reached *** piety under Trog
  4603 | D:4      | Killed scarywalker64's ghost
  4680 | D:4      | Cast into level 1 of the Abyss (gnoll)
  4780 | Abyss:1  | Slain by a small abomination

Illustrated notes

Levels and vault maps discovered:
D:1:      lightli_arrival_noodles, layout_basic
D:2:      layout_loops_corners, gammafunk_temple_overflow_elements,
          nicolae_tso_swordbearing_angel, uniq_terence
D:3:      layout_loops_ring, uniq_purgy
D:4:      layout_cave_pools, nicolae_yredelemnul_ghost_church,
          nicolae_overflow_hidden_temple, minmay_temple_entry_waves,
          gammafunk_ghost_abyssal_escape
Abyss:1:  base: D:4, minivault_27

Skill      XL: |  1  2  3  4  5  6  7 |
---------------+----------------------+-----
Polearms       | 4 5 6 |  6.9
Fighting       | 4 5 |  5.4
Armour         | 3 4 |  4.6
Shields        | 1 2 3 |  3.5
Dodging        | 3 4 |  4.2
Slings         | |  0.4
Spellcasting   | |  0.5

Action                   |  1- 3 |  4- 6 |  7- 9 || total
-------------------------+-------+-------+-------++-------
Melee: Spear             |    98 |    54 |       ||   152
       Headbutt          |    12 |    16 |     6 ||    34
       Halberd           |       |    76 |    19 ||    95
Invok: Berserk           |       |     3 |     3 ||     6
  Use: Scroll            |       |       |     1 ||     1
 Stab: Sleeping          |     1 |       |       ||     1
Armor: Animal skin       |    10 |       |       ||    10
       Chain mail        |     2 |     6 |       ||     8
       Scale mail        |       |    42 |     4 ||    46
Dodge: Dodged            |    38 |    51 |     7 ||    96
Block: Buckler           |     5 |     5 |       ||    10

Table legend: (Time is in decaauts)
 A = Elapsed time spent in this place.
 B = Non-inter-level travel time spent in this place.
 C = Inter-level travel time spent in this place.
 D = Time resting spent in this place.
 E = Time spent auto-exploring this place.
 F = Levels seen in this place.
 G = Mean time per level.
                   A        B        C        D        E       F      G
               +--------+--------+--------+--------+--------+-----+--------+
         Total |   4829 |   4565 |    264 |    444 |   3470 |   5 |  965.8 |
       Dungeon |   4720 |   4456 |    264 |    436 |   3470 |   4 | 1180.0 |
         Abyss |    109 |    109 |      0 |      8 |      0 |   1 |  109.0 |
               +--------+--------+--------+--------+--------+-----+--------+

Top non-repeatable levels by time:
     D:2: 1579 daAuts
     D:1: 1454 daAuts
     D:4: 1049 daAuts
     D:3: 637 daAuts
 Abyss:1: 109 daAuts
